AoeStats
← GoogleWise

Pilgrims

510202755Analyzed
2v2 RM · 2d ago on Sep 29, 2026· 81m 22s· 4 players
Game mode
Random Map
Map size
Medium (4 player)
Population
200
Speed
Normal
Resources
Standard
Victory
Conquest
Starting age
Dark Age
Ending age
Imperial Age
RankedLock teamsTeams togetherTeam positionsShared explorationLock speedFull tech treeHidden civsTurbo modeCheats
Victory
Defeat
1042
+12
🇧🇷 Chinese · Brazil
930
+17
🇨🇦 Jurchens · Canada
955
-15
🇨🇭 Lithuanians · Switzerland
949
-14
GoogleWise
13:06 Feudal Age
13:39 Loom
13:56 Man-at-Arms
14:57 Double-Bit Axe
20:47 Castle Age
18:51 Gold Mining
19:47 Arson
22:03 Squires
23:18 Scale Mail Armor
24:54 Forging
29:18 Horse Collar
33:38 Wheelbarrow
35:35 Chain Mail Armor
41:09 Imperial Age
41:13 Heavy Rocket Cart
50:38 Iron Casting
54:45 Elite Fire Lancer
59:20 Blast Furnace
60:09 Hand Cart
68:15 Elite Skirmisher
74:01 Fortified Bastions
74:48 Pikeman
77:44 Halberdier
Meninkain
6:14 Loom
12:35 Feudal Age
17:51 Castle Age
17:11 Bloodlines
17:52 Forging
17:42 Scale Mail Armor
17:51 Scale Barding Armor
24:56 Wheelbarrow
25:29 Iron Casting
25:15 Chain Barding Armor
25:23 Husbandry
27:00 Horse Collar
30:44 Hand Cart
34:18 Fervor
36:18 Sanctity
36:17 Double-Bit Axe
39:09 Imperial Age
38:10 Town Watch
39:12 Hill Forts
39:24 Town Patrol
39:50 Fletching
40:27 Conscription
40:33 Bodkin Arrow
42:43 Cavalier
46:12 Murder Holes
50:13 Plate Barding Armor
51:06 Chemistry
50:17 Masonry
51:39 Paladin
63:53 Hoardings
64:56 Light Cavalry
ΝΑΥ/ΧΟΣ ΛΥΜΠΕΡΗΣ
12:41 Feudal Age
12:13 Loom
15:19 Fishing Lines
15:24 Man-at-Arms
17:56 Fletching
19:18 Scale Mail Armor
19:29 Forging
26:11 Castle Age
24:37 Double-Bit Axe
27:51 Bow Saw
29:07 Gillnets
29:31 Medium Warships
32:15 Bodkin Arrow
32:21 Padded Archer Armor
36:54 Imperial Age
38:01 Wheelbarrow
41:39 Cavalier
42:20 Husbandry
41:41 Light Cavalry
41:55 Sappers
43:24 Scale Barding Armor
43:35 Chain Mail Armor
43:21 Bracer
43:47 Conscription
44:35 Fortified Wall
45:29 Chemistry
44:54 Clinker Construction
46:23 Two-Man Saw
48:04 Chain Barding Armor
47:40 Pikeman
48:21 Squires
51:23 Hand Cart
52:05 Town Watch
52:42 Leather Archer Armor
52:58 Plate Mail Armor
53:04 Iron Casting
53:03 Halberdier
53:29 Arson
53:17 Demolition Ship
53:52 Elite Hussite Wagon
54:51 Arrowslits
55:28 Ballistics
55:29 Bombard Tower
59:13 Wagenburg Tactics
59:29 Horse Collar
66:06 Ring Archer Armor
66:37 Blast Furnace
70:13 Town Patrol
71:53 Houfnice
l'entourloupe
3:42 Loom
11:43 Feudal Age
14:26 Double-Bit Axe
19:22 Castle Age
19:02 Stone Mining
20:07 Scale Mail Armor
20:48 Forging
21:31 Chain Mail Armor
23:19 Gold Mining
26:30 Fishing Lines
29:36 Bow Saw
32:12 Imperial Age
30:55 Medium Warships
32:14 Iron Casting
32:21 Squires
33:57 Elite Fire Lancer
35:43 Blast Furnace
42:30 Plate Mail Armor
44:56 Chemistry
44:09 Fortified Wall
44:13 Masonry
44:31 Conscription
45:55 Two-Man Saw
49:09 Capped Ram
51:32 Architecture
50:35 Siege Ram
51:56 Gillnets
51:56 Horse Collar
54:20 Pikeman
56:33 Caravan
56:15 Halberdier
57:28 Ballistics
58:11 Chemistry
57:06 Heavy Scorpion
60:28 Heavy Rocket Cart
64:46 Town Watch
65:38 Wheelbarrow
66:18 Man-at-Arms
67:41 Long Swordsman
68:54 Rocketry
69:37 Two-Handed Swordsman
Connection lost

Rejoining the realm…

Still unreachable

The connection could not be restored.

Session expired

The server has moved on; the page needs a fresh start.